 Dungeon Crawl Stone Soup version 0.27.1-34-g3ba077fa99 (webtiles) character file.

Game seed: 3773824566748549305

5760 xSliceyx the Fighter (level 10, -12/105 HPs)
             Began as a Deep Dwarf Fighter on Feb 6, 2022.
             Was a Follower of Elyvilon.
             Killed from afar by Erica (22 damage)
             ... with a bolt of poison
             ... on level 9 of the Dungeon.
             The game lasted 00:43:18 (8431 turns).

xSliceyx the Fighter (Deep Dwarf Fighter)           Turns: 8431, Time: 00:43:24

Health: -12/105    AC: 12    Str: 24    XL:     10   Next: 49%
Magic:  7/7        EV:  6    Int:  8    God:    Elyvilon [*.....]
Gold:   739        SH: 16    Dex: 12    Spells: 9/9 levels left

rFire    + . .     SeeInvis .   L - +4 morningstar
rCold    . . .     Faith    .   c - +0 kite shield
rNeg     + . .     Spirit   .   N - +0 chain mail
rPois    .         Reflect  +   (no helmet)
rElec    .         Harm     .   (no cloak)
rCorr    .         Rampage  .   o - +0 pair of gloves
Will     +....                  (no boots)
Stlth    ..........             r - amulet of reflection
HPRegen  0.00/turn              f - ring of protection from fire
MPRegen  0.10/turn              y - ring of positive energy

@: lethally poisoned (-12 -> -12)
A: damage resistance, heal wounds, sense surroundings 2, no regeneration
a: Heal Wounds, Renounce Religion, Lesser Healing, Divine Protection


You were on level 9 of the Dungeon.
You worshipped Elyvilon.
Elyvilon was aware of your devotion.
You visited 2 branches of the dungeon, and saw 10 of its levels.
You also visited: Ossuary.

You collected 739 gold pieces.

Inventory:

Hand Weapons
 a - a +0 war axe
 m - a +2 whip of freezing
 J - a +2 long sword
 L - a +4 morningstar (weapon)
Missiles
 i - 31 poisoned darts
 n - 5 atropa-tipped darts
Armour
 c - a +0 kite shield (worn)
 o - a +0 pair of gloves (worn)
 N - a +0 chain mail (worn)
Jewellery
 f - a ring of protection from fire (left hand)
 r - an amulet of reflection (around neck)
 y - a ring of positive energy (right hand)
Wands
 A - a wand of flame (32)
 C - a wand of digging (6)
Scrolls
 g - 2 scrolls of fog {unknown}
 h - 6 scrolls of identify {unknown}
 k - 2 scrolls of amnesia {unknown}
 l - 5 scrolls of enchant armour {unknown}
 q - 3 scrolls of teleportation {unknown}
 t - 2 scrolls of noise {unknown}
 w - a scroll of blinking {unknown}
 z - 4 scrolls of magic mapping {unknown}
 D - a scroll of summoning {unknown}
 H - a scroll of fear {unknown}
 K - a scroll of holy word {unknown}
 M - a scroll of silence {unknown}
Potions
 d - a potion of might
 e - 3 potions of flight {unknown}
 j - 6 potions of curing
 p - 6 potions of berserk rage {unknown}
 s - a potion of invisibility {unknown}
 u - 2 potions of magic {unknown}
 v - 5 potions of brilliance {unknown}
 x - 2 potions of ambrosia {unknown}
 B - 2 potions of lignification {unknown}
 E - 2 potions of degeneration {unknown}
 F - 2 potions of haste {unknown}
 G - a potion of resistance {unknown}
 I - a potion of heal wounds {unknown}


   Skills:
 - Level 11.2 Fighting
 - Level 2.1 Axes
 - Level 8.0 Armour
 - Level 7.0 Shields
 + Level 6.7 Invocations
 + Level 2.1 Evocations


You had 9 spell levels left.
You didn't know any spells.
Your spell library contained the following spells:

 Spells                   Type           Power      Damage    Failure   Level
 Foxfire                  Conj/Fire      0%         2x1d4     100%        1
 Blink                    Tloc           N/A        N/A       100%        2
 Conjure Flame            Conj/Fire      0%         6-21      100%        3
 Dazzling Flash           Conj/Hex       0%         N/A       100%        3
 Inner Flame              Hex/Fire       0%         N/A       100%        3
 Lesser Beckoning         Tloc           0%         N/A       100%        3
 Passage of Golubria      Tloc           N/A        N/A       100%        4
 Agony                    Necr           0%         N/A       100%        5
 Manifold Assault         Tloc           0%         N/A       100%        5
 Silence                  Hex/Air        0%         N/A       100%        5
 Lehudib's Crystal Spear  Conj/Erth      0%         10d2      100%        8


Dungeon Overview and Level Annotations

Branches:
Dungeon (9/15)             Temple (1/1) D:7         Ossuary (visited)
   Lair: D:8-11         Orc: D:9-12

Altars:
Ashenzari
Cheibriados
Dithmenos
Elyvilon
Fedhas
Gozag
Hepliaklqana
Kikubaaqudgha
Makhleb
Nemelex Xobeh
Okawaru
Qazlal
Ru
Sif Muna
Trog
Uskayaw
Vehumet
Wu Jian
Xom
Yredelemnul
Zin
The Shining One

Annotations:
D:6 1 runed translucent door, Crazy Yiuf
D:9 Erica


Innate Abilities, Weirdness & Mutations

You are resistant to damage.
You can heal yourself by infusing magical energy.
You passively map the area around you.
You do not regenerate.


Message History

The orc is almost dead.
The orc hits you with a +0 club. You block the orc's attack.
The orc hits you but does no damage.
You puncture the orc!
You kill the orc!
You block the orc's attack.
You sock the orc!
You kill the orc!
Things that are here:
a +0 club; a +0 scale mail
Found a sedimented emerald potion.
You now have 739 gold pieces (gained 21).
Erica the Fiery-Tempered comes into view.
She is wielding a +2 scimitar of flaming and wearing a +1 robe of cold resistance.
Erica shouts!
Erica mumbles some strange words.
Erica flickers and vanishes!
Deactivating autopickup; reactivate with Ctrl-A.
You see here a sedimented emerald potion.
You miss something. Something hits you!
* * * LOW HITPOINT WARNING * * *
Something burns you.
You miss something. You block something's attack. Something hits you!
* * * LOW HITPOINT WARNING * * *
Something burns you.
You miss something. You block something's attack.
You hear some strange, mumbled words.
Something tries to affect you, but you resist.
You miss something. Something hits you.
You closely miss something. Something hits you.
* * * LOW HITPOINT WARNING * * *
You block something's attack.
You puncture something! Something hits you.
You closely miss something. Something hits you!
* * * LOW HITPOINT WARNING * * *
Something burns you.
You hear some strange, mumbled words.
A bolt of poison appears from out of thin air!
The bolt of poison hits you!!
You are poisoned.
You die...

#.#.#...,*#.......
#...# ### #.).#+##
#...# * #...#...
#...# #.*,#...#...
#...#*#...#####...
#...# #.......###
#...# #.#.....#
#.#.####.......#
#@.............#
#{......#####..#
#.......# #..#
#........ ...#
#.#.####., ...#
#...# , * #...# *,
, * #.#.# , , , *
, , ,


There were no monsters in sight!

Vanquished Creatures
  Pikel (D:6)
  A gargoyle (D:5)
  Maggie (D:6)
  A kobold demonologist (D:6)
  Prince Ribbit (D:5)
  Sigmund (D:4)
  2 wyverns
  2 steam dragons
  Menkaure (D:6)
  Edmund (D:5)
  4 sky beasts
  Purgy (D:4)
  A hornet zombie (D:8)
  2 black bears (D:4)
  A necrophage (D:6)
  An ogre (D:5)
  A centaur (D:8)
  2 phantoms
  3 lemures (D:6)
  2 elf zombies (D:8)
  A bullfrog (D:8)
  A kobold brigand (D:7)
  5 scorpions
  2 water moccasin skeletons (D:5)
  4 wights
  A bullfrog zombie (D:5)
  2 bullfrog skeletons
  7 hounds
  2 centaur skeletons
  4 centaur zombies
  3 orc priests
  A jelly (D:6)
  2 gnoll shamans
  Jessica (D:3)
  A human skeleton (D:8)
  3 iguanas
  5 orc wizards
  A killer bee zombie (D:7)
  8 mummies (Ossuary)
  8 gnolls
  8 adders
  A white imp (D:7)
  2 ufetubi
  2 adder skeletons
  3 worms (D:2)
  4 dart slugs
  29 orcs
  7 bats
  6 endoplasms
  6 giant cockroaches
  2 gnoll zombies (Ossuary)
  3 goblins
  7 hobgoblins
  4 jackals (D:3)
  8 kobolds
  5 quokkas
  5 ball pythons
  4 frilled lizards
  2 hobgoblin zombies (Ossuary)
  2 kobold zombies (Ossuary)
  2 orc skeletons (D:8)
  3 orc zombies
  6 rats
213 creatures vanquished.

Vanquished Creatures (others)
  A kobold (D:7)
  A demonic plant (D:1)
  53 plants (D:6)
55 creatures vanquished.

Grand Total: 268 creatures vanquished

Notes
Turn   | Place    | Note
-------+----------+-------------------------------------------
     0 | D:1      | xSliceyx the Deep Dwarf Fighter began the quest for the
                  | Orb.
     0 | D:1      | Reached XP level 1. HP: 20/20 MP: 1/1
   187 | D:1      | Reached XP level 2. HP: 25/27 MP: 2/2
   229 | D:1      | Found a faded altar of an unknown god.
   726 | D:2      | Reached XP level 3. HP: 21/33 MP: 3/3
  1166 | D:2      | Reached XP level 4. HP: 12/40 MP: 4/4
  1784 | D:3      | Reached skill level 5 in Armour
  1903 | D:3      | Noticed Jessica
  1922 | D:3      | Killed Jessica
  1923 | D:3      | Reached XP level 5. HP: 29/46 MP: 5/5
  2189 | D:3      | Reached skill level 5 in Shields
  2533 | D:4      | Noticed Sigmund
  2550 | D:4      | Killed Sigmund
  2551 | D:4      | Reached XP level 6. HP: 41/55 MP: 5/5
  2636 | D:4      | Noticed Purgy
  2666 | D:4      | Killed Purgy
  2667 | D:4      | Reached XP level 7. HP: 33/61 MP: 6/6
  3153 | D:5      | Entered Level 5 of the Dungeon
  3231 | D:5      | Noticed Edmund
  3243 | D:5      | Killed Edmund
  3383 | D:5      | Noticed Prince Ribbit
  3388 | D:5      | Reached skill level 3 in Fighting
  3399 | D:5      | Killed Prince Ribbit
  3400 | D:5      | Reached skill level 4 in Fighting
  3400 | D:5      | Reached XP level 8. HP: 47/73 MP: 7/7
  3555 | D:5      | Reached skill level 5 in Fighting
  3876 | D:5      | Noticed a gargoyle
  3882 | D:5      | Reached skill level 6 in Fighting
  3887 | D:5      | Killed a gargoyle
  3888 | D:5      | Reached skill level 7 in Fighting
  3959 | D:5      | Gained mutation: You passively map the area around you.
                  | [Deep Dwarf growth]
  3959 | D:5      | Reached XP level 9. HP: 50/88 MP: 8/8
  4086 | D:5      | Reached skill level 8 in Fighting
  4712 | D:6      | Noticed Pikel
  4729 | D:6      | Killed Pikel
  4730 | D:6      | Reached skill level 9 in Fighting
  4768 | D:6      | Noticed a kobold demonologist
  4775 | D:6      | Noticed a soul eater
  4782 | D:6      | HP: 4/88 [soul eater[a kobold demonologist] (4)]
  4788 | D:6      | Killed a kobold demonologist
  4915 | D:6      | Noticed Maggie
  4950 | D:6      | Reached skill level 10 in Fighting
  4970 | D:6      | Killed Maggie
  5189 | D:6      | Found a runed translucent door.
  5190 | D:6      | Noticed Crazy Yiuf
  5351 | D:6      | Noticed Menkaure
  5363 | D:6      | Killed Menkaure
  5475 | D:7      | Reached XP level 10. HP: 44/103 MP: 5/5
  5547 | D:7      | Reached skill level 11 in Fighting
  5737 | D:7      | Found a staircase to the Ecumenical Temple.
  5752 | Temple   | Entered the Ecumenical Temple
  6005 | Temple   | Became a worshipper of Elyvilon the Healer
  6376 | D:7      | Reached * piety under Elyvilon
  6947 | D:8      | Found a sand-covered staircase.
  7032 | Ossuary  | Entered an ossuary
  7559 | D:8      | Found a shadowy altar of Dithmenos.
  7591 | D:8      | Reached skill level 5 in Invocations
  8216 | D:9      | Reached skill level 1 in Evocations
  8421 | D:9      | Noticed Erica
  8431 | D:9      | Killed from afar by Erica

Illustrated notes

Levels and vault maps discovered:
D:1:      minmay_arrival_arboretum_large, layout_basic,
          shapermc_ecumenical_altar_gd, kennysheep_minor_cross
D:2:      kennysheep_six_static_rooms, layout_basic
D:3:      layout_loops_ring, uniq_jessica
D:4:      layout_loops_cross, uniq_sigmund, uniq_purgy
D:5:      layout_loops_corners, eino_curves_03, minmay_tree_intersection,
          moated_statue, corner_web_ring, grunt_ministairs_12,
          minmay_fractal_squares_gapless_5, uniq_edmund, uniq_prince_ribbit1
D:6:      layout_loops_ring, minivault_22, kennysheep_boxes, uniq_maggie,
          uniq_crazy_yiuf_cottage, uniq_pikel, uniq_menkaure
D:7:      layout_cave_pods, minmay_temple_entry_butterflies
D:8:      layout_cave_pools, nicolae_dithmenos_the_darkroom,
          nicolae_ossuary_entry_catacombs, lemuel_flame_loot_1
D:9:      layout_stronghold, kennysheep_generic_room_11, uniq_erica
Temple:   nicolae_temple_the_god_donut

Skill      XL: |  1  2  3  4  5  6  7  8  9 10 |
---------------+-------------------------------+-----
Armour         | 4 5 6 8 |  8.0
Shields        | 4 5 6 7 |  7.0
Fighting       | 4 7 10 11 | 11.2
Invocations    | 6 |  6.7
Evocations     | 2 |  2.1
Axes           | |  2.1

Action                   |  1- 3 |  4- 6 |  7- 9 | 10-12 || total
-------------------------+-------+-------+-------+-------++-------
Melee: War axe           |    84 |    26 |       |     6 ||   116
       Mace              |       |   145 |    59 |       ||   204
       Flail             |       |       |   276 |    29 ||   305
       Whip              |       |       |       |   224 ||   224
       Morningstar       |       |       |       |    52 ||    52
Throw: Dart              |       |     2 |    29 |       ||    31
       Boomerang         |       |       |     2 |       ||     2
Invok: Lesser Healing    |       |       |       |    22 ||    22
 Abil: Heal Wounds       |       |     4 |    11 |     6 ||    21
  Use: Potion            |       |     1 |       |     1 ||     2
Armor: Scale mail        |    40 |   104 |    94 |   103 ||   341
       Chain mail        |       |       |       |    26 ||    26
Dodge: Dodged            |    23 |    75 |    86 |    72 ||   256
Block: Kite shield       |    34 |   136 |   320 |   299 ||   789
       Reflection        |       |       |     3 |     6 ||     9
